 Dungeon Crawl Stone Soup version 0.18-a0-1637-g109f206 (webtiles) character file.

32065 Oddball22 the Martial Artist (level 13, -15/95 HPs)
             Began as a Demonspawn Monk on Mar 26, 2016.
             Was an Elder of Ru.
             Demolished by a death yak (21 damage)
             ... on level 6 of the Lair of Beasts.
             The game lasted 00:41:47 (17381 turns).

Oddball22 the Martial Artist (Demonspawn Monk)     Turns: 17381, Time: 00:41:47

Health: -15/95     AC:  9    Str: 12    XL:     13   Next: 29%
Magic:  13/13      EV: 23    Int: 14    God:    Ru [****..]
Gold:   833        SH:  4    Dex: 25    Spells: 0 memorised, 12 levels left

rFire  . . .     SeeInvis +       - Unarmed
rCold  . . .     Gourm    .     Z - +1 robe "Derarchen" {-Cast rElec Dex+6}
rNeg   . . .     Faith    .     (no shield)
rPois  .         Spirit   .     l - +1 hat {Int+3}
rElec  +         Dismiss  .     w - +1 cloak
rCorr  .         Reflect  +     (no gloves)
SustAt .         Harm     .     E - +2 pair of boots
MR     .....     NoCast   +     N - +4 amulet of reflection
Stlth  +++++.....               L - +2 ring of slaying
                                (no ring)

@: exhausted, no scrolls, drained, not resistant to hostile enchantments, quite
stealthy
A: claws 2, hooves 1, horns 2, see invisible, frail 1, foul stench 1,
nightstalker 2, sense surroundings 1, screaming 1, weak 1, rot immunity,
inability to read while threatened, hated by all
a: Draw Out Power, Power Leap, Renounce Religion


You were on level 6 of the Lair of Beasts.
You worshipped Ru.
Ru was greatly pleased with you.
You were hungry.

You visited 3 branches of the dungeon, and saw 18 of its levels.
You also visited: Sewer.

You collected 1253 gold pieces.
You spent 420 gold pieces at shops.

Inventory:

Armour
 l - a +1 hat of intelligence (worn)
 w - a +1 cloak (worn)
 E - a +2 pair of boots (worn)
 S - the +5 robe of Nishat {MR+ Int+4}
   (You found it on level 2 of the Lair of Beasts)

   It affects your intelligence (+4).
   It affects your resistance to hostile enchantments.
 V - the cursed +0 leather armour "Qadghiqor" {rC++}
   (You found it on level 3 of the Lair of Beasts)

   It greatly protects you from cold.
   It has a curse placed upon it.
 Z - the +1 robe "Derarchen" (worn) {-Cast rElec Dex+6}
   (You found it on level 8 of the Dungeon)

   It affects your dexterity (+6).
   It insulates you from electricity.
   It prevents spellcasting.
Jewellery
 g - an uncursed ring of stealth
 x - an uncursed amulet of regeneration
 D - an uncursed ring of wizardry
 L - a +2 ring of slaying (right claw)
 N - a +4 amulet of reflection (around neck)
 P - an uncursed ring of protection from fire
Wands
 a - a wand of flame (0/48)
 j - a wand of random effects (33/48)
 m - a wand of flame (20/48)
 q - a wand of iceblast (13/15)
 A - a wand of paralysis (9/24)
 C - a wand of flame (0/48)
 G - a wand of polymorph (10/24)
 H - a wand of slowing (7/48)
 K - a wand of teleportation (1/9)
 O - a wand of acid (0/15)
 T - a wand of digging (18/24)
Scrolls
 d - 9 scrolls of teleportation
 e - 9 scrolls of identify
 k - 2 scrolls of recharging
 o - 6 scrolls of remove curse
 t - 2 scrolls of fog
 R - 5 scrolls of magic mapping
Potions
 c - 2 potions of haste
 h - 4 potions of brilliance
 i - 4 potions of invisibility
 n - 4 potions of curing
 p - 2 potions of berserk rage {unknown}
 r - 2 potions of heal wounds
 s - 6 potions of flight
 u - 3 potions of agility
 v - 3 potions of lignification
 B - 3 potions of mutation
 J - a potion of might
Books
 y - a book of Transfigurations

   Spells                             Type                      Level
   a - Irradiate                      Conjuration/Transmutation    5
   b - Statue Form                    Transmutation/Earth          6
   c - Hydra Form                     Transmutation                6
   d - Dragon Form                    Transmutation                7
 I - a Fen Folio

   Spells                             Type                      Level
   a - Corpse Rot                     Necromancy                   2
   b - Stone Arrow                    Conjuration/Earth            3
   c - Leda's Liquefaction            Hexes/Earth                  4
   d - Summon Forest                  Summoning/Translocation      5
   e - Hydra Form                     Transmutation                6
   f - Summon Hydra                   Summoning                    7
 Q - a Young Poisoner's Handbook

   Spells                             Type                      Level
   a - Sting                          Conjuration/Poison           1
   b - Cure Poison                    Poison                       2
   c - Mephitic Cloud                 Conjuration/Poison/Air       3
   d - Olgreb's Toxic Radiance        Poison                       4
   e - Venom Bolt                     Conjuration/Poison           5
 Y - a book of Clouds

   Spells                             Type                      Level
   a - Mephitic Cloud                 Conjuration/Poison/Air       3
   b - Conjure Flame                  Conjuration/Fire             3
   c - Poisonous Cloud                Conjuration/Poison/Air       6
   d - Freezing Cloud                 Conjuration/Ice/Air          6
   e - Ring of Flames                 Charms/Fire                  7
Miscellaneous
 F - a stone of tremors
 U - a lamp of fire
Comestibles
 b - 9 bread rations
 f - 7 meat rations
 z - 14 slices of pizza
 W - 9 fruits
 X - 3 beef jerkies


   Skills:
 + Level 11.5(11.4) Fighting
 + Level 5.0(4.9) Armour
 + Level 10.4(10.3) Dodging
 - Level 1.7(1.6) Stealth
 * Level 14.5(14.3) Unarmed Combat


You had 12 spell levels left.
You didn't know any spells.

Dungeon Overview and Level Annotations

Branches:
Dungeon (11/15)            Temple (1/1) D:5            Lair (6/8) D:11
 Spider (0/4) Lair:4          Orc (0/2) D:10
  Swamp: Lair:3-6    Shoals: Lair:3-6     Slime: Lair:6-8

Altars:
Ashenzari
Cheibriados
Dithmenos
Elyvilon
Fedhas
Gozag
Kikubaaqudgha
Makhleb
Nemelex Xobeh
Okawaru
Pakellas
Qazlal
Ru
Sif Muna
Trog
Vehumet
Xom
Yredelemnul
Zin
The Shining One
Lugonu

Shops:
D:4 %   D:7 (   D:8 :!!   D:10 (


Innate Abilities, Weirdness & Mutations

You have very sharp fingernails.
You have large cloven feet.
You have a pair of horns on your head.
You are frail (-10% HP).
You may emit foul miasma when damaged in melee.
You are significantly more attuned to the shadows.
You occasionally shout uncontrollably at your foes.
You are weak. (Str -2)
You are immune to rotting.
You cannot read scrolls while threatened.
You are hated by all.
You have supernaturally acute eyesight.
You passively map a small area around you.


Message History

You are too injured to fight recklessly!
You are too injured to fight recklessly!
You are too injured to fight recklessly!
You are too injured to fight recklessly!
You are too injured to fight recklessly!
You are too injured to fight recklessly!
You are too injured to fight recklessly!
You completely miss the death yak.
You headbutt the death yak, but do no damage.
The death yak is almost dead.
The death yak gores you but does no damage.
The death yak gores you!
* * * LOW HITPOINT WARNING * * *
The death yak is engulfed in dark miasma.
The death yak is poisoned.
The death yak is stunned by your will and fails to attack.
You scratch the death yak.
You kill the death yak!
The death yak closely misses you. The death yak gores you!!
You die...

**
...........##
, ,,
)...........#
............#
*
............#
,
............#
....!.....P##
,
,.........###
,
........#####*
*
,........@YY.#
...P....§Y....
,
....P...#P#...
(.....####*##
, , .....* * ,
, .... * , , ,
, ,, ,


You could see 3 death yaks.

Vanquished Creatures
  Gastronok (Lair:1)
  An ice dragon (Lair:5)
  3 hydras
  2 death yaks (Lair:6)
  Nergalle (Lair:2)
  An unseen horror (D:11)
  An oklob plant (Lair:5)
  2 griffons
  5 elephants (Lair:4)
  5 black mambas
  Psyche (D:11)
  7 spiny frogs
  A rime drake (Lair:1)
  4 komodo dragons
  5 jumping spiders (Lair:4)
  A polar bear (Lair:4)
  A troll (D:9)
  7 blink frogs
  A boulder beetle (D:8)
  Sigmund (D:2)
  A wraith (D:11)
  4 redbacks (Lair:4)
  A vampire (D:10)
  A wyvern (Lair:4)
  A human (D:7)
  19 yaks
  8 hippogriffs
  A basilisk (Lair:3)
  A hungry ghost (D:7)
  A steam dragon (Lair:3)
  A mottled dragon (D:11)
  4 water moccasins
  Duvessa (D:6)
  Edmund (D:6)
  11 porcupines
  5 orc warriors
  3 ice beasts
  A wasp (D:10)
  2 phantoms
  A black bear (D:11)
  4 ogres
  2 centaurs
  2 wolves (Lair:3)
  7 crocodiles
  12 big kobolds
  10 giant frogs
  Dowan (D:6)
  8 killer bees
  2 scorpions (D:4)
  3 wights (D:9)
  2 electric eels (Lair:2)
  6 crimson imps
  4 hounds
  A quasit (D:9)
  A centaur skeleton (D:4)
  2 giant frog zombies
  3 jellies
  6 orc priests
  8 orc wizards
  Crazy Yiuf (D:6)
  Jessica (D:2)
  2 giant frog skeletons
  Ijyb (D:2)
  4 iguanas
  7 worker ants
  2 hell rats (D:7)
  10 sheep
  A hound zombie (D:5)
  Robin (D:2)
  3 gnolls (D:8)
  36 river rats
  9 adders
  3 shadow imps
  2 white imps (Lair:5)
  An adder zombie (D:6)
  3 adder skeletons
  3 worms (D:2)
  A dart slug (D:4)
  9 giant geckos
  31 orcs
  7 giant cockroaches
  17 goblins
  9 hobgoblins
  8 jackals
  18 kobolds
  3 quokkas
  4 ball pythons
  18 bats
  A giant cockroach zombie (D:6)
  4 giant newts
  27 rats
  A plant (D:11)
451 creatures vanquished.

Vanquished Creatures (others)
  A hydra (D:11)
  A boulder beetle (D:9)
  A wolf (Lair:3)
  An ogre (D:10)
  A gnoll (D:8)
  An orc (D:10)
  A kobold (D:9)
  3 plants
10 creatures vanquished.

Grand Total: 461 creatures vanquished

Notes
Turn   | Place    | Note
--------------------------------------------------------------
     0 | D:1      | Oddball22 the Demonspawn Monk began the quest for the Orb.
     0 | D:1      | Reached XP level 1. HP: 18/18 MP: 1/1
   307 | D:1      | Gained mutation: You have a pair of small horns on your head. [demonic ancestry]
   307 | D:1      | Reached XP level 2. HP: 13/24 MP: 2/2
   997 | D:2      | Reached skill level 4 in Unarmed Combat
  1070 | D:2      | Found a shimmering altar of Xom.
  1070 | D:2      | Noticed Sigmund
  1085 | D:2      | Reached XP level 3. HP: 20/29 MP: 3/3
  1471 | D:2      | Killed Sigmund
  1471 | D:2      | Reached skill level 5 in Unarmed Combat
  1471 | D:2      | Reached XP level 4. HP: 6/37 MP: 4/4
  1471 | D:2      | Reached XP level 5. HP: 6/42 MP: 5/5
  1934 | D:2      | Noticed Ijyb
  1946 | D:2      | Killed Ijyb
  2112 | D:2      | Noticed Jessica
  2119 | D:2      | Noticed Robin
  2127 | D:2      | Killed Jessica
  2127 | D:2      | Gained mutation: You are immune to rotting. [demonic ancestry]
  2127 | D:2      | Reached XP level 6. HP: 22/48 MP: 6/6
  2133 | D:2      | Killed Robin
  2412 | D:3      | Found a basalt altar of Yredelemnul.
  2900 | D:4      | Found a burning altar of Makhleb.
  2962 | D:4      | Reached skill level 6 in Unarmed Combat
  2995 | D:4      | Gained mutation: You have sharp fingernails. [demonic ancestry]
  2995 | D:4      | Reached XP level 7. HP: 30/55 MP: 7/7
  3146 | D:4      | Found a deep blue altar of Sif Muna.
  3397 | D:4      | Found Gisatiwnol's Food Shop.
  3453 | D:4      | Reached skill level 5 in Fighting
  3456 | D:4      | HP: 1/56 [ogre/giant spiked club (30)]
  3928 | D:4      | Found a radiant altar of Vehumet.
  4114 | D:5      | Entered Level 5 of the Dungeon
  4126 | D:5      | Found a snail-covered altar of Cheibriados.
  4391 | D:5      | Found a staircase to the Ecumenical Temple.
  4397 | Temple   | Entered the Ecumenical Temple
  4436 | Temple   | Became a worshipper of Ru the Awakened
  4446 | Temple   | Gained mutation: You cannot read scrolls while threatened. [Ru sacrifice]
  4446 | Temple   | Reached * piety under Ru
  4503 | D:5      | Found a burning altar of Makhleb.
  4750 | D:5      | Found a glowing silver altar of Zin.
  4876 | D:6      | Noticed Crazy Yiuf
  4887 | D:6      | Killed Crazy Yiuf
  4927 | D:6      | Reached skill level 7 in Unarmed Combat
  4965 | D:6      | Gained mutation: You are slightly more attuned to the shadows. [demonic ancestry]
  4965 | D:6      | Reached XP level 8. HP: 59/62 MP: 8/8
  4979 | D:6      | Reached skill level 5 in Dodging
  5170 | D:6      | Noticed Duvessa
  5173 | D:6      | Noticed Dowan
  5183 | D:6      | Killed Duvessa
  5198 | D:6      | Killed Dowan
  5305 | D:6      | Noticed Edmund
  5326 | D:6      | Killed Edmund
  5326 | D:6      | Reached skill level 8 in Unarmed Combat
  5433 | D:6      | Found a glowing drain.
  5455 | Sewer    | Entered a sewer
  6313 | D:7      | Found Joigamem's Weapon Shoppe.
  6768 | D:7      | Gained mutation: You have a pair of horns on your head. [demonic ancestry]
  6768 | D:7      | Reached XP level 9. HP: 54/71 MP: 9/9
  6785 | D:7      | Reached skill level 9 in Unarmed Combat
  7188 | D:8      | HP: 1/71 [boulder beetle (40)]
  7300 | D:8      | Gained mutation: You are weak. (Str -2) [Ru sacrifice]
  7332 | D:8      | Reached skill level 10 in Unarmed Combat
  7435 | D:8      | Found Qeotes's Distillery.
  7670 | D:8      | Found a glowing golden altar of the Shining One.
  7690 | D:8      | Found Ydoim's Distillery.
  7697 | D:8      | Bought a potion of beneficial mutation for 420 gold pieces
  7708 | D:8      | Found a stormy altar of Qazlal.
  7733 | D:8      | Found a blossoming altar of Fedhas.
  7735 | D:8      | Got a brightly glowing robe
  7746 | D:8      | Identified the +1 robe "Derarchen" {-Cast rElec Dex+6} (You found it on level 8 of the Dungeon)
  7851 | D:8      | Found a deep blue altar of Sif Muna.
  8102 | D:8      | Found Veipneqiri's Book Emporium.
  8218 | D:8      | Gained mutation: You may emit foul miasma when damaged in melee. [demonic ancestry]
  8218 | D:8      | Reached XP level 10. HP: 78/80 MP: 10/10
  8259 | D:9      | Noticed a griffon
  8267 | D:9      | Killed a griffon
  8612 | D:9      | Found a sparkling altar of Nemelex Xobeh.
  8613 | D:9      | Found a bloodstained altar of Trog.
  8850 | D:9      | Found an oddly glowing altar of Pakellas.
  8877 | D:9      | Found an opulent altar of Gozag.
  8970 | D:10     | Entered Level 10 of the Dungeon
  9055 | D:10     | Found a staircase to the Orcish Mines.
  9058 | D:10     | Found Cedugy's Weapon Shoppe.
  9251 | D:10     | Reached skill level 11 in Unarmed Combat
  9298 | D:10     | Gained mutation: You are hated by all. [Ru sacrifice]
  9298 | D:10     | Reached ** piety under Ru
  9298 | D:10     | Reached *** piety under Ru
  9905 | D:11     | Noticed an unseen horror
  9910 | D:11     | Killed an unseen horror
  9910 | D:11     | Gained mutation: You have large cloven feet. [demonic ancestry]
  9910 | D:11     | Reached XP level 11. HP: 64/89 MP: 11/11
 10369 | D:11     | Noticed Psyche
 10373 | D:11     | Killed Psyche
 10373 | D:11     | Reached skill level 12 in Unarmed Combat
 10440 | D:11     | Noticed a six-headed hydra
 10449 | D:11     | Killed a six-headed hydra
 10673 | D:11     | Found a staircase to the Lair.
 10851 | Lair:1   | Entered Level 1 of the Lair of Beasts
 10885 | Lair:1   | Gained mutation: Your magical capacity is low (-10% MP). [potion of mutation]
 10885 | Lair:1   | Gained mutation: You are occasionally teleported next to monsters. [potion of mutation]
 10885 | Lair:1   | Gained mutation: You passively map a small area around you. [potion of mutation]
 11140 | Lair:1   | Reached skill level 10 in Fighting
 11170 | Lair:1   | Gained mutation: You are frail (-10% HP). [Ru sacrifice]
 11416 | Lair:1   | Noticed Gastronok
 11433 | Lair:1   | Killed Gastronok
 11433 | Lair:1   | Reached skill level 1 in Armour
 11815 | Lair:1   | Gained mutation: You have very sharp fingernails. [demonic ancestry]
 11815 | Lair:1   | Reached XP level 12. HP: 87/87 MP: 10/10
 11848 | Lair:1   | Reached skill level 13 in Unarmed Combat
 12169 | Lair:2   | Noticed an eight-headed hydra
 12251 | Lair:2   | Killed an eight-headed hydra
 12879 | Lair:2   | Noticed Nergalle
 12888 | Lair:2   | Killed Nergalle
 13327 | Lair:2   | Got a faintly glowing robe
 13328 | Lair:2   | Identified the +5 robe of Nishat {MR+ Int+4} (You found it on level 2 of the Lair of Beasts)
 13539 | Lair:3   | Noticed a five-headed hydra
 13548 | Lair:3   | Killed a five-headed hydra
 13679 | Lair:3   | Lost mutation: You are occasionally teleported next to monsters. [potion of cure mutation]
 13679 | Lair:3   | Lost mutation: Your magical capacity is low (-10% MP). [potion of cure mutation]
 13680 | Lair:3   | Gained mutation: You have supernaturally acute eyesight. [potion of beneficial mutation]
 13947 | Lair:3   | Got a faintly humming leather armour
 14160 | Lair:3   | Identified the cursed +0 leather armour "Qadghiqor" {rC++} (You found it on level 3 of the Lair of Beasts)
 14192 | Lair:4   | You fall through a shaft!
 14546 | Lair:4   | Reached skill level 10 in Dodging
 14750 | Lair:4   | Found a hole to the Spider Nest.
 14806 | Lair:4   | Reached skill level 14 in Unarmed Combat
 15151 | Lair:4   | Gained mutation: You occasionally shout uncontrollably at your foes. [Ru sacrifice]
 15151 | Lair:4   | Reached **** piety under Ru
 15521 | Lair:4   | Gained mutation: You are significantly more attuned to the shadows. [demonic ancestry]
 15521 | Lair:4   | Reached XP level 13. HP: 54/95 MP: 13/13
 16044 | Lair:5   | HP: 4/95 [poisoned by a black mamba]
 16049 | Lair:5   | HP: 2/95 [poisoned by a black mamba]
 16056 | Lair:5   | HP: 1/95 [poisoned by a black mamba]
 16063 | Lair:5   | HP: 1/95 [poisoned by a black mamba]
 16071 | Lair:5   | HP: 1/95 [poisoned by a black mamba]
 17366 | Lair:6   | Reached skill level 5 in Armour
 17381 | Lair:6   | Demolished by a death yak

Vault maps used:
D:1:      nicolae_arrival_memento_mori, st_stairs_10
D:2:      xom_teletrap_fun, st_stairs_7, uniq_iyjb, uniq_jessica, uniq_robin,
          uniq_sigmund
D:3:      yredelemnul_altar_generic, first_bread
D:4:      nicolae_overflow_crystal_walls, lemuel_blue_sif_altar,
          vehumet_altar_wand_db, serial_shops, shop, kennysheep_small_circle
D:5:      overflow_temple_1_default, old_standard_altar,
          minmay_temple_entry_hall, bloody_makhleb
D:6:      gup_sewer_entry_pipe, minmay_item_behind_shaft, uniq_duvessa,
          uniq_edmund, uniq_crazy_yiuf_cottage
D:7:      lemuel_ratsnest, serial_shops, shop_coins, grunt_livestock
D:8:      boulder_corridor_run, grunt_temple_overflow_forces_of_nature,
          serial_shops, shop, kennysheep_mini, nicolae_shop_waterfront,
          special_room, basic_altar, glass_columns_c, tso_metal_star
D:9:      gammafunk_pakellas_spire_experiment, grunt_gozag_statues,
          gammafunk_temple_overflow_pools
D:10:     orc_david_3
D:11:     david_lair_shrubbed, uniq_psyche
Temple:   corrupted_temple
Lair:1:   nicolae_volcano_entry_s_turn, cheibrodos_lair_reptile_den,
          lemuel_fruit_tree, uniq_gastronok
Lair:2:   serial_bayou_lagoon_b, uniq_nergalle
Lair:4:   nicolae_spider_entry_tight_spaces, grunt_megastairs_4
Lair:5:   st_stairs_7, bobbens_ice_dragon_lair
Lair:6:   minmay_swamp_entry_worms, basic_altar, st_stairs_6, minivault_23,
          uniq_nessos
Sewer:    sewer_fruit_machine

Skill      XL: |  1  2  3  4  5  6  7  8  9 10 11 12 13 |
---------------+----------------------------------------+-----
Unarmed Combat | 4 5 6 7 8 10 11 12 14 | 14.5
Dodging        | 3 4 5 7 8 9 10 | 10.4
Fighting       | 4 5 6 7 9 10 11 | 11.5
Armour         | 2 4 5 |  5.0
Stealth        | |  1.7

Action                   |  1- 3 |  4- 6 |  7- 9 | 10-12 | 13-15 || total
-------------------------+-------+-------+-------+-------+-------++-------
Melee: Unarmed           |   104 |   123 |   339 |   678 |    99 ||  1343
       Quarterstaff      |       |       |   254 |    42 |       ||   296
Invok: Sacrifice Words   |       |       |     1 |       |       ||     1
       Sacrifice Purity  |       |       |     1 |     1 |       ||     2
       Sacrifice Love    |       |       |       |     1 |       ||     1
       Sacrifice Health  |       |       |       |     1 |       ||     1
       Reject Sacrifices |       |       |       |     1 |       ||     1
       Draw Out Power    |       |       |       |       |     1 ||     1
Evoke: Wand              |       |       |     2 |    16 |       ||    18
  Use: Potion            |       |       |     6 |    10 |       ||    16
       Scroll            |       |       |       |    19 |       ||    19
 Stab: Sleeping          |     3 |    11 |    20 |    29 |     4 ||    67
       Distracted        |       |       |     3 |     8 |     1 ||    12
       Paralysed         |       |       |     4 |       |       ||     4
       Invisible         |       |       |     2 |     1 |     3 ||     6
       Confused          |       |       |     1 |     1 |       ||     2
  Eat: Chunk             |     2 |     5 |    19 |    18 |     6 ||    50
       Beef jerky        |       |       |       |     1 |       ||     1
       Pizza             |       |       |       |     2 |       ||     2
